 Dungeon Crawl Stone Soup version 0.24.0-37-gcf1ca852f1 (webtiles) character file.

Game seed: 12829291292561521017, levelgen mode: deterministic

63 Devinter the Skirmisher (level 3, 0/33 HPs)
             Began as a Draconian Monk on Dec 8, 2019.
             Slain by a killer bee (2 damage)
             ... on level 3 of the Dungeon.
             The game lasted 00:14:03 (2031 turns).

Devinter the Skirmisher (Draconian Monk)            Turns: 2031, Time: 00:14:04

Health: 0/33       AC:  5    Str: 13    XL:     3   Next: 89%
Magic:  3/3        EV: 13    Int: 11    God:
Gold:   163        SH:  0    Dex: 13    Spells: 2/2 levels left

rFire    x . .     SeeInvis .   a - +0 falchion
rCold    + . .     Gourm    .   (no shield)
rNeg     . . .     Faith    .   (armour unavailable)
rPois    .         Spirit   .   (helmet restricted)
rElec    .         Reflect  .   (no cloak)
rCorr    .         Harm     .   (no gloves)
MR       .....                  (no boots)
Stlth    ++........             (no amulet)
HPRegen  0.11/turn              m - ring of ice
MPRegen  0.08/turn              (no ring)

@: lethally poisoned (0 -> -23)
A: unfitting armour, cold-blooded, AC +5
a: no special abilities


You were on level 3 of the Dungeon.
You were not hungry.

You visited 1 branch of the dungeon, and saw 3 of its levels.

You collected 163 gold pieces.

Inventory:

Hand Weapons
 a - a +0 falchion (weapon)
Missiles
 g - a boomerang of dispersal
 h - 3 javelins
 k - 4 boomerangs (quivered)
 n - 8 bolts
 s - 27 sling bullets
 t - 16 arrows
Jewellery
 m - a ring of ice (left hand)
Scrolls
 d - a scroll of fog {unknown}
 e - 3 scrolls of remove curse {unknown}
 f - 3 scrolls of identify {unknown}
 j - 2 scrolls of magic mapping {unknown}
 l - 3 scrolls of fear {unknown}
 u - a scroll of noise {unknown}
Potions
 c - 2 potions of haste {unknown}
 i - a potion of mutation {unknown}
 o - a potion of curing {unknown}
 p - a potion of agility {unknown}
 q - 2 potions of flight {unknown}
 r - a potion of heal wounds {unknown}
Comestibles
 b - 4 rations


   Skills:
 + Level 4.2 Fighting
 + Level 3.8 Long Blades
 - Level 3.0 Dodging
 - Level 2.0 Stealth


You had 2 spell levels left.
You didn't know any spells.
Your spell library was empty.

Dungeon Overview and Level Annotations

Branches:
Dungeon (3/15)

Altars:
Qazlal
Trog


Innate Abilities, Weirdness & Mutations

Your plain brown scales are hard. (AC +5)
You cannot fit into any form of body armour.
You are cold-blooded and may be slowed by cold attacks.


Message History

You are more poisoned.
The killer bee poisons you! The killer bee barely misses you.
You completely miss the killer bee.
The killer bee is lightly wounded.
You feel sick. The killer bee stings you.
* * * LOW HITPOINT WARNING * * *
The killer bee stings you.
* * * LOW HITPOINT WARNING * * *
You are lethally poisoned!
The killer bee poisons you!
You miss the killer bee.
The killer bee is lightly wounded.
* * * LOW HITPOINT WARNING * * *
You feel sick. The killer bee stings you.
* * * LOW HITPOINT WARNING * * *
The killer bee stings you.
* * * LOW HITPOINT WARNING * * *
You are more poisoned.
The killer bee poisons you! The killer bee stings you.
You die...

#..###.# ##.#
#.# #.# #.#
#####.###.##
#..........#
#.###.###....
#.# #.# ##.##
#.# #.# #@#
#.# #y# #.#
#.# #.# #.#
.# #.#
#.....yyy
#####.$.y ##


You could see a killer bee.

Vanquished Creatures
  2 adders
  2 worms
  A giant cockroach (D:1)
  8 hobgoblins
  3 jackals (D:1)
  9 bats
  2 frilled lizards
  2 goblins
  4 kobolds
  6 rats
39 creatures vanquished.

Notes
Turn   | Place    | Note
-------+----------+-------------------------------------------
     0 | D:1      | Devinter the Draconian Monk began the quest for the Orb.
     0 | D:1      | Reached XP level 1. HP: 19/19 MP: 1/1
   155 | D:1      | Reached skill level 2 in Stealth
   165 | D:1      | Reached XP level 2. HP: 26/26 MP: 2/2
   468 | D:1      | Reached skill level 3 in Dodging
   802 | D:2      | Reached XP level 3. HP: 11/33 MP: 3/3
  1277 | D:2      | Found a bloodstained altar of Trog.
  1325 | D:2      | Reached skill level 4 in Fighting
  1748 | D:2      | Found a stormy altar of Qazlal.
  2017 | D:3      | Noticed a killer bee
  2017 | D:3      | Noticed a killer bee
  2017 | D:3      | Noticed a killer bee
  2017 | D:3      | Noticed a killer bee
  2031 | D:3      | HP: 2/33 [killer bee (3)]
  2031 | D:3      | Slain by a killer bee

Levels and vault maps discovered:
D:1:      dpeg_arrival_snail, layout_basic, minmay_tetromino_i2
D:2:      layout_loops_ring, old_standard_altar, minmay_hedge_maze,
          grunt_qazlal_clouds
D:3:      layout_loops_ring, minmay_overflow_temple_star_quad, first_ration,
          trog_butcher_becter

Skill      XL: |  1  2  3 |
---------------+----------+-----
Stealth        | 2 |  2.0
Dodging        | 3 |  3.0
Fighting       | 4 |  4.2
Long Blades    | |  3.8

Action                   || total
-------------------------++-------
Melee: Falchion          ||   118
       Tailslap          ||    23
Throw: Boomerang         ||     5
 Stab: Sleeping          ||     4
  Eat: Chunk             ||     4
Armor: Skin              ||    24
Dodge: Dodged            ||   105
       Rpst.: Falchion   ||    38
